 Dungeon Crawl Stone Soup version 0.17-a0-1504-gb7d9117 (webtiles) character file.

4249 mrath the Thrower (level 10, -3/94 HPs)
             Began as a Troll Hunter on July 7, 2015.
             Was a Believer of Nemelex Xobeh.
             Slain by a troll (8 damage)
             ... on level 9 of the Dungeon.
             The game lasted 02:13:17 (7976 turns).

mrath the Thrower (Troll Hunter)                    Turns: 7976, Time: 02:13:22

Health: -3/94      AC: 10    Str: 24      XL:     10   Next: 9%
Magic:  9/9        EV: 10    Int:  7      God:    Nemelex Xobeh [**....]
Gold:   177        SH:  0    Dex:  7 (11) Spells: 0 memorised, 9 levels left

rFire  x . .     SeeInvis .       - Unarmed
rCold  + . .     Clarity  .     T - +1 troll leather armour
rNeg   . . .     SustAt   .     (no shield)
rPois  +         Gourm    +     (helmet restricted)
rElec  .         Spirit   .     u - +1 cloak
rCorr  +         Warding  .     (gloves unavailable)
rMut   .         Stasis   .     (boots unavailable)
MR     .....                    r - amulet of resist corrosion
Stlth  +.........               F - ring of ice
                                s - ring of poison resistance

@: drained, not resistant to hostile enchantments, very unstealthy
A: unfitting armour, claws 3, deterioration 1, fast metabolism 3, gourmand,
regeneration 2, shaggy fur 1, tough skin 2, no device heal 1, MP-powered wands
a: Renounce Religion


You were on level 9 of the Dungeon.
You worshipped Nemelex Xobeh.
Nemelex Xobeh was pleased with you.
You were hungry.

You visited 2 branches of the dungeon, and saw 10 of its levels.

You collected 411 gold pieces.
You spent 234 gold pieces at shops.

Inventory:

Hand weapons
 b - a +0 dagger of venom
 j - a +1 dagger of electrocution
 k - a +3 quarterstaff of chaos
 y - a +2 mace
 I - a +4 hand axe of protection
 N - a +1 dagger of distortion
 O - a +0 shortbow
 V - a +0 blowgun
 Y - a +3 scimitar
Missiles
 a - 5 tomahawks
 g - 125 arrows
 h - 258 stones
 l - 18 poisoned needles
 A - 3 throwing nets
 D - 11 curare-tipped needles
 H - 15 arrows of flame
 K - 2 large rocks (quivered)
Armour
 u - a +1 cloak (worn)
 Q - a +1 robe of the Archmagi
 T - a +1 troll leather armour (worn)
Jewellery
 p - an uncursed amulet of the gourmand {unknown}
 r - an amulet of resist corrosion (around neck)
 s - a ring of poison resistance (left claw)
 F - a ring of ice (right claw)
 P - an uncursed ring of invisibility
Magical devices
 d - a wand of enslavement (9)
 J - a wand of random effects (24)
 M - a wand of frost (26)
 R - a wand of paralysis (9)
Scrolls
 c - 2 scrolls of brand weapon
 n - a scroll of blinking
 o - a scroll of magic mapping
 C - a scroll of fear
 G - a scroll of amnesia
 L - 5 scrolls of teleportation
Potions
 f - 3 potions of cancellation
 i - 3 potions of curing
 m - a potion of lignification
 q - 6 potions of haste
 v - a potion of flight
 S - a potion of agility
 Z - a potion of invisibility
Books
 B - a book of Callings

   Spells                             Type                      Level
   a - Summon Small Mammal            Summoning                    1
   b - Call Imp                       Summoning                    2
   c - Call Canine Familiar           Summoning                    3
   d - Summon Guardian Golem          Hexes/Summoning              3
   e - Summon Lightning Spire         Summoning/Air                4
   f - Summon Ice Beast               Ice/Summoning                4
Miscellaneous
 x - a plain deck of escape
 z - a disc of storms
 E - a plain deck of war {drawn: 2}
 U - an ornate deck of war
Comestibles
 e - 8 bread rations
 w - 3 chunks of flesh
 W - a beef jerky
 X - 7 slices of pizza


   Skills:
 + Level 4.4(4.1) Fighting
 + Level 0.1(0.0) Axes
 + Level 1.6(1.3) Bows
 + Level 8.9(8.5) Throwing
 + Level 2.8(2.5) Armour
 + Level 6.1(5.7) Dodging
 + Level 2.4(2.0) Stealth
 + Level 4.6(4.2) Unarmed Combat
 + Level 1.0(0.7) Evocations


You had 9 spell levels left.
You didn't know any spells.

Dungeon Overview and Level Annotations

Branches:
Dungeon (9/15)             Temple (1/1) D:7
   Lair: D:8-11         Orc: D:9-12

Altars:
Ashenzari
Cheibriados
Dithmenos
Elyvilon
Fedhas
Gozag
Kikubaaqudgha
Makhleb
Nemelex Xobeh
Okawaru
Qazlal
Ru
Sif Muna
Trog
Vehumet
Xom
Yredelemnul
Zin
The Shining One

Shops:
D:4 [   D:5 [   D:9 [


Innate Abilities, Weirdness & Mutations

You are too large for most types of armour.
You have claws for hands.
Your metabolism is lightning-fast.
You like to eat raw meat.
You heal very quickly.
You are covered in fur (AC +1).
You have very tough skin (AC +2).
Your body sometimes deteriorates upon taking damage.
Potions and wands are less effective at restoring your health.
You expend magic power (3 MP) to strengthen your wands.


Message History

The troll is severely wounded.
The troll closely misses you. The troll claws you but does no damage.
The troll claws you!
You barely miss the troll.
The troll is severely wounded.
The troll bites you!
* * * LOW HITPOINT WARNING * * *
The troll claws you.
* * * LOW HITPOINT WARNING * * *
The troll claws you.
* * * LOW HITPOINT WARNING * * *
You claw the troll!
The troll is almost dead.
The troll bites you!
* * * LOW HITPOINT WARNING * * *
The troll claws you!
* * * LOW HITPOINT WARNING * * *
The troll claws you!
You die...
Your body glows slightly and disappears.

)#.# +.. #?#.##.. #
#...#.### .# #.# ...#...
.. ... # .8#.##.# #.#
...###+####......
.............###########
......T@................
#...#####♣###...########
# ♣.∩.♣.#.## ......
#..+♣...### #... #.
#....# #... # #....#
#... #.#### #... #. #...
#. #...


You could see a troll (bleeding).

Vanquished Creatures
  The ghost of urechis the Grappler, an average TrMo (D:4)
  A wyvern (D:8)
  Sigmund (D:3)
  A human (D:8)
  A wraith (D:8)
  Eustachio (D:5)
  2 steam dragons
  2 orc warriors
  2 necrophages
  2 ice beasts (D:8)
  4 ogres
  2 centaurs
  Blork the orc (D:5)
  3 giant frogs
  4 crimson imps
  4 wights (D:8)
  6 orc priests
  A centaur zombie (D:7)
  6 orc wizards
  A quasit (D:6)
  4 hounds
  A jelly (D:8)
  Crazy Yiuf (D:5)
  4 iguanas
  A giant frog skeleton (D:8)
  6 worker ants
  Jessica (D:3)
  A killer bee zombie (D:8)
  2 hound zombies
  A hound skeleton (D:6)
  A mummy (D:6)
  A worker ant zombie (D:4)
  8 adders
  6 gnolls
  A shadow imp (D:5)
  An adder skeleton (D:7)
  3 worms
  19 orcs
  2 bat skeletons
  2 bat zombies
  A giant cockroach (D:2)
  10 goblins
  10 hobgoblins
  15 jackals
  9 quokkas
  11 bats
  A giant cockroach zombie (D:6)
  4 giant geckos
  A giant gecko zombie (D:6)
  8 giant newts
  13 kobolds
  10 rats
205 creatures vanquished.

Vanquished Creatures (collateral kills)
  A yak (D:8)
  A hog (D:8)
  2 orc wizards (D:8)
  2 sheep (D:8)
  A hound skeleton (D:8)
  2 orcs (D:8)
9 creatures vanquished.

Vanquished Creatures (others)
  A kobold (D:7)
1 creature vanquished.

Grand Total: 215 creatures vanquished

Notes
Turn   | Place    | Note
--------------------------------------------------------------
     0 | D:1      | mrath the Troll Hunter began the quest for the Orb.
     0 | D:1      | Reached XP level 1. HP: 19/19 MP: 0/0
   394 | D:1      | Reached XP level 2. HP: 28/28 MP: 1/1
   788 | D:1      | Reached skill level 4 in Throwing
  1087 | D:2      | Reached XP level 3. HP: 16/35 MP: 2/2
  1435 | D:2      | Found a sacrificial altar of Ru.
  1705 | D:2      | Found a blossoming altar of Fedhas.
  1705 | D:2      | Found an iron altar of Okawaru.
  1705 | D:2      | Found a glowing golden altar of the Shining One.
  1881 | D:3      | Found a bloodstained altar of Trog.
  2071 | D:3      | Reached skill level 1 in Unarmed Combat
  2071 | D:3      | Reached XP level 4. HP: 37/42 MP: 3/3
  2250 | D:3      | Reached XP level 5. HP: 9/50 MP: 4/4
  2585 | D:3      | Noticed Sigmund
  2603 | D:3      | Killed Sigmund
  2603 | D:3      | Reached skill level 5 in Throwing
  2603 | D:3      | Reached XP level 6. HP: 41/59 MP: 5/5
  2781 | D:3      | Noticed Jessica
  2783 | D:3      | Killed Jessica
  2783 | D:3      | Reached skill level 1 in Stealth
  3017 | D:4      | Reached XP level 7. HP: 67/67 MP: 6/6
  3123 | D:4      | Reached skill level 6 in Throwing
  3124 | D:4      | Found Xamuozesai's Antique Armour Shop.
  3177 | D:4      | You fall through a shaft for 3 floors!
  3194 | D:7      | Found a deep blue altar of Sif Muna.
  3429 | D:7      | Found a staircase to the Ecumenical Temple.
  3450 | Temple   | Entered the Ecumenical Temple
  3515 | Temple   | Became a worshipper of Nemelex Xobeh the Trickster
  3562 | D:7      | Identified a scroll of acquirement
  3596 | D:7      | Reached XP level 8. HP: 35/73 MP: 7/7
  3775 | D:6      | Received a gift from Nemelex Xobeh
  3801 | D:6      | Found a snail-covered altar of Cheibriados.
  3864 | D:6      | Reached skill level 7 in Throwing
  3888 | D:5      | Entered Level 5 of the Dungeon
  3892 | D:5      | Noticed Blork the orc
  3895 | D:5      | Killed Blork the orc
  3977 | D:5      | Found a shattered altar of Ashenzari.
  4055 | D:5      | Found a burning altar of Makhleb.
  4055 | D:5      | Found a radiant altar of Vehumet.
  4157 | D:5      | Found a stormy altar of Qazlal.
  4286 | D:4      | Bought a runed robe for 14 gold pieces
  4373 | D:4      | Noticed urechis's ghost (average TrMo)
  4392 | D:4      | Killed urechis's ghost
  4505 | D:4      | Reached skill level 8 in Throwing
  4724 | D:5      | Found Mifyatim's Armour Boutique.
  4728 | D:5      | Noticed Eustachio
  4731 | D:5      | Killed Eustachio
  4731 | D:5      | Reached XP level 9. HP: 84/84 MP: 8/8
  4746 | D:5      | Bought a +1 troll leather armour for 220 gold pieces
  4849 | D:5      | Found a basalt altar of Yredelemnul.
  4852 | D:5      | Received a gift from Nemelex Xobeh
  5014 | D:5      | Noticed Crazy Yiuf
  5021 | D:5      | Killed Crazy Yiuf
  5886 | D:6      | Reached skill level 5 in Dodging
  6022 | D:6      | Found a shimmering altar of Xom.
  6131 | D:6      | Received a gift from Nemelex Xobeh
  6297 | D:7      | Reached skill level 1 in Armour
  6408 | D:7      | Found an opulent altar of Gozag.
  6742 | D:8      | Reached skill level 1 in Bows
  7096 | D:8      | Reached skill level 1 in Evocations
  7350 | D:8      | Reached XP level 10. HP: 76/93 MP: 9/9
  7373 | D:8      | Gained mutation: Potions and wands are less effective at restoring your health. [potion of mutation]
  7373 | D:8      | Gained mutation: You expend magic power (3 MP) to strengthen your wands. [potion of mutation]
  7373 | D:8      | Gained mutation: Your body sometimes deteriorates upon taking damage. [potion of mutation]
  7824 | D:9      | Received a gift from Nemelex Xobeh
  7912 | D:9      | Found Merrotofia's Armour Shoppe.
  7976 | D:9      | Slain by a troll

Vault maps used:
D:1:      tarquinn_simple_flora_water_b
D:2:      lemuel_crystal_altar, gammafunk_temple_overflow_claw, serial_glass,
          glass_columns_c, glass_columns_c, grunt_decor_mini_mirrors
D:3:      nicolae_overflow_crystal_walls, minmay_liquid_box, uniq_sigmund,
          uniq_jessica
D:4:      serial_shops, shop, first_bread
D:5:      grunt_temple_overflow_lords_of_destruction, grunt_qazlal_clouds,
          yredelemnul_altar_generic, evilmike_ruin_ashenzari, serial_shops,
          shop, minmay_misc_feat_tower, serial_bayou_pond_e, minmay_holes,
          uniq_crazy_yiuf_cottage, uniq_eustachio, uniq_blork_the_orc
D:6:      lemuel_coloured_pillars_altar, slow_altar_2, due_unseen_surprise
D:7:      nicolae_gozag_seed_capital, lemuel_doored_altar, temple_pool_b
D:8:      grunt_livestock
D:9:      serial_shops, nicolae_shop_trees, minivault_1
Temple:   nicolae_temple_hex_pool_5

Action                   |  1- 3 |  4- 6 |  7- 9 | 10-12 || total
-------------------------+-------+-------+-------+-------++-------
Melee: Short sword       |    20 |       |       |       ||    20
       Unarmed           |    67 |    42 |   222 |    47 ||   378
       Hand axe          |       |       |    13 |       ||    13
       Quarterstaff      |       |       |     5 |       ||     5
 Fire: Shortbow          |       |       |    24 |     2 ||    26
       Blowgun           |       |       |     2 |       ||     2
Throw: Stone             |    87 |    44 |       |       ||   131
       Large rock        |       |    18 |   139 |     6 ||   163
       Throwing net      |       |       |     2 |       ||     2
       Tomahawk          |       |       |    34 |     2 ||    36
Evoke: Disc of storms    |       |       |     1 |       ||     1
       Deck              |       |       |     6 |     2 ||     8
  Use: Scroll            |     6 |     3 |    17 |     2 ||    28
       Potion            |       |     2 |       |     4 ||     6
 Stab: Sleeping          |       |     1 |       |       ||     1
  Eat: Chunk             |     7 |     7 |    17 |     6 ||    37
       Meat ration       |     1 |       |     2 |       ||     3
       Bread ration      |     1 |     1 |     1 |       ||     3
       Royal jelly       |       |       |     1 |       ||     1
       Pizza             |       |       |     1 |       ||     1
       Beef jerky        |       |       |     1 |       ||     1
